 Dungeon Crawl Stone Soup version 0.22.0-18-ge075c0d (webtiles) character file.

4414 Gearfox the Blocker (level 10, -3/91 HPs)
             Began as a Hill Orc Fighter on Aug 19, 2018.
             Was a Priest of Okawaru.
             Slain by a gnoll
             ... wielding a +0 flail
              (7 damage)
             ... on level 9 of the Dungeon.
             The game lasted 00:48:46 (8382 turns).

Gearfox the Blocker (Hill Orc Fighter)              Turns: 8382, Time: 00:48:48

Health: -3/91      AC: 12    Str: 23    XL:     10   Next: 36%
Magic:  9/10       EV:  9    Int:  8    God:    Okawaru [***...]
Gold:   88         SH: 14    Dex: 15    Spells: 9/9 levels left

rFire    . . .     SeeInvis .   j - +5 whip
rCold    . . .     Gourm    .   c - +1 shield
rNeg     . . .     Faith    .   p - +3 scale mail
rPois    .         Spirit   .   (no helmet)
rElec    .         Reflect  .   (no cloak)
rCorr    .         Harm     .   g - +0 pair of gloves
MR       .....                  h - +0 pair of boots
Stlth    ..........             e - amulet of regeneration
HPRegen  0.65/turn              m - +5 ring of dexterity
MPRegen  0.12/turn              i - ring of attention (curse)

@: lethally poisoned (-3 -> -4)
A: no striking features
a: Heroism, Renounce Religion


You were on level 9 of the Dungeon.
You worshipped Okawaru.
Okawaru was most pleased with you.
You were not hungry.

You visited 2 branches of the dungeon, and saw 10 of its levels.

You collected 382 gold pieces.
You spent 294 gold pieces at shops.

Inventory:

Hand Weapons
 a - a +1 rapier
 j - a +5 whip (weapon)
 o - a +0 lajatang
 q - a +0 whip of electrocution
Armour
 b - a +0 scale mail
 c - a +1 shield (worn)
 g - a +0 pair of gloves (worn)
 h - a +0 pair of boots (worn)
 p - a +3 scale mail (worn)
Jewellery
 d - an uncursed amulet of harm
 e - an amulet of regeneration (around neck)
 i - a cursed ring of attention (right hand)
 m - a +5 ring of dexterity (left hand)
Wands
 r - a wand of disintegration (10)
Scrolls
 k - a scroll of identify
 n - 5 scrolls of teleportation
Potions
 l - a potion of flight
 u - 2 potions of cancellation
Comestibles
 f - 6 rations
 t - 2 chunks of flesh


   Skills:
 * Level 9.0 Fighting
 - Level 2.0 Short Blades
 + Level 9.5 Maces & Flails
 - Level 3.2 Armour
 - Level 0.2 Dodging
 * Level 11.0 Shields
 + Level 0.2 Invocations


You had 9 spell levels left.
You didn't know any spells.
Your spell library contained the following spells:

 Spells                   Type           Power        Failure   Level  Hunger
 Magic Dart               Conj           #...         87%         1    ##.....
 Shock                    Conj/Air       #...         87%         1    ##.....
 Blink                    Tloc           N/A          95%         2    ###....
 Call Imp                 Summ           #.......     95%         2    ###....
 Slow                     Hex            #.......     95%         2    ###....
 Swiftness                Chrm/Air       #.......     95%         2    ###....
 Conjure Flame            Conj/Fire      #.......     99%         3    ####...
 Mephitic Cloud           Conj/Pois/Air  #.......     99%         3    ####...
 Static Discharge         Conj/Air       #.......     99%         3    ####...
 Airstrike                Air            #.........   100%        4    #####..
 Lightning Bolt           Conj/Air       #.........   100%        5    ######.


Dungeon Overview and Level Annotations

Branches:
Dungeon (9/15)             Temple (1/1) D:4
   Lair: D:8-11         Orc: D:9-12

Altars:
Ashenzari
Cheibriados
Dithmenos
Elyvilon
Fedhas
Gozag
Hepliaklqana
Kikubaaqudgha
Makhleb
Nemelex Xobeh
Okawaru
Qazlal
Ru
Sif Muna
Trog
Uskayaw
Vehumet
Wu Jian
Xom
Yredelemnul
Zin
The Shining One

Shops:
D:5 !   D:7 [


Message History

* * * LOW HITPOINT WARNING * * *
Unknown command.
You barely miss the killer bee.
The killer bee is almost dead.
The killer bee stings you.
* * * LOW HITPOINT WARNING * * *
You are poisoned.
The killer bee poisons you! You block the killer bee's attack.
The killer bee stings you but does no damage.
You block the killer bee's attack. The killer bee stings you!
* * * LOW HITPOINT WARNING * * *
You block the killer bee's attack.
You miss the killer bee.
The killer bee is almost dead.
You feel sick. You block the killer bee's attack. The killer bee stings you.
* * * LOW HITPOINT WARNING * * *
You block the killer bee's attack. The killer bee stings you.
* * * LOW HITPOINT WARNING * * *
The gnoll barely misses you. The gnoll hits you with a flail!
You die...

##########
#........# .
#........# ...##
#.....yyg#
......#†....g@.+
#.'.....yyg#
###........#
#######'## ##
##.# #. ###..#
#.#### #...##
.....###
##'#####
.......#
#......#


You could see 4 killer bees and 3 gnolls.

Vanquished Creatures
  A two-headed ogre (D:8)
  Prince Ribbit (D:7)
  Sigmund (D:2)
  Eustachio (D:6)
  A hungry ghost (D:8)
  Edmund (D:4)
  2 water moccasins
  A black bear (D:8)
  2 orc warriors
  An ice beast (D:6)
  A necrophage (D:7)
  2 ogres
  2 sky beasts
  A phantom (D:4)
  5 centaurs
  4 bullfrogs
  A scorpion (D:7)
  2 killer bees (D:9)
  A jelly (D:7)
  A howler monkey (D:3)
  5 crimson imps
  2 quasits
  3 hounds
  2 orc priests (D:6)
  3 bullfrog skeletons
  A centaur skeleton (D:4)
  An iguana (D:6)
  6 orc wizards
  4 worker ants
  A howler monkey zombie (D:5)
  5 gnolls
  9 adders
  2 shadow imps
  An ooze (D:6)
  An adder skeleton (D:6)
  3 worms
  A dart slug (D:2)
  5 leopard geckos
  37 orcs
  5 giant cockroaches
  12 goblins
  7 hobgoblins
  17 jackals
  3 quokkas
  4 bats
  13 frilled lizards
  A jackal skeleton (D:6)
  A jackal zombie (D:5)
  5 kobolds
  A leopard gecko zombie (D:6)
  A quokka zombie (D:7)
  2 rats (D:2)
196 creatures vanquished.

Notes
Turn   | Place    | Note
-------+----------+-------------------------------------------
     0 | D:1      | Gearfox the Hill Orc Fighter began the quest for the Orb.
     0 | D:1      | Reached XP level 1. HP: 19/19 MP: 1/1
   140 | D:1      | Reached XP level 2. HP: 25/27 MP: 2/2
   485 | D:1      | Reached XP level 3. HP: 35/35 MP: 3/3
   618 | D:1      | Reached skill level 5 in Fighting
  1082 | D:2      | Noticed Sigmund
  1389 | D:3      | Reached skill level 1 in Maces & Flails
  1689 | D:3      | Reached XP level 4. HP: 42/42 MP: 4/4
  2611 | D:2      | Reached XP level 5. HP: 48/48 MP: 5/5
  2650 | D:2      | Found a white marble altar of Elyvilon.
  3123 | D:2      | Killed Sigmund
  3123 | D:2      | Reached skill level 5 in Maces & Flails
  3123 | D:2      | Reached XP level 6. HP: 28/56 MP: 6/6
  3478 | D:4      | Noticed a phantom
  3678 | D:4      | Found a snail-covered altar of Cheibriados.
  3739 | D:4      | Noticed Edmund
  3758 | D:4      | Killed Edmund
  3758 | D:4      | Reached skill level 4 in Shields
  3758 | D:4      | Reached XP level 7. HP: 51/61 MP: 2/7
  4084 | D:4      | Found a staircase to the Ecumenical Temple.
  4108 | Temple   | Entered the Ecumenical Temple
  4143 | Temple   | Became a worshipper of Warmaster Okawaru
  4294 | D:4      | Found a shadowy altar of Dithmenos.
  4419 | D:5      | Entered Level 5 of the Dungeon
  4672 | D:5      | Found Epeusuch's Distillery.
  4896 | D:5      | Reached skill level 5 in Shields
  4896 | D:5      | Reached XP level 8. HP: 48/70 MP: 8/8
  5246 | D:6      | Found a shattered altar of Ashenzari.
  5331 | D:6      | Reached skill level 6 in Shields
  5355 | D:6      | Found a hide-covered altar of Uskayaw.
  5400 | D:6      | Reached * piety under Okawaru
  5531 | D:6      | Reached skill level 7 in Shields
  5880 | D:6      | Found a glowing silver altar of Zin.
  5880 | D:6      | Noticed Eustachio
  5895 | D:6      | Reached XP level 9. HP: 71/79 MP: 9/9
  5900 | D:6      | Reached ** piety under Okawaru
  5963 | D:6      | Killed Eustachio
  6191 | D:7      | Reached skill level 8 in Shields
  6246 | D:7      | Found Jattidun's Armour Emporium.
  6250 | D:7      | Bought a +3 scale mail for 294 gold pieces
  6470 | D:7      | Noticed Prince Ribbit
  6531 | D:7      | Killed Prince Ribbit
  6560 | D:7      | Reached skill level 9 in Shields
  7304 | D:8      | Found a stormy altar of Qazlal.
  7447 | D:8      | Reached *** piety under Okawaru
  7671 | D:8      | Reached skill level 10 in Shields
  7682 | D:8      | Reached XP level 10. HP: 90/90 MP: 10/10
  7772 | D:8      | Noticed a two-headed ogre
  7802 | D:8      | Killed a two-headed ogre
  7854 | D:8      | Found a sparkling altar of Nemelex Xobeh.
  7868 | D:8      | Found a bloodstained altar of Trog.
  7908 | D:8      | Reached skill level 11 in Shields
  8382 | D:9      | HP: 4/91 [killer bee (4)]
  8382 | D:9      | Slain by a gnoll

Skill      XL: |  1  2  3  4  5  6  7  8  9 10 |
---------------+-------------------------------+-----
Fighting       | 4 5 6 7 8 9 |  9.0
Maces & Flails | 1 3 5 6 7 8 9 |  9.5
Shields        | 4 5 7 10 11 | 11.0
Short Blades   | |  2.0
Armour         | |  3.2
Dodging        | |  0.2
Invocations    | |  0.2

Action                   |  1- 3 |  4- 6 |  7- 9 | 10-12 || total
-------------------------+-------+-------+-------+-------++-------
Melee: Rapier            |   125 |       |       |       ||   125
       Whip              |    58 |   105 |   556 |    99 ||   818
Invok: Heroism           |       |       |     3 |     2 ||     5
  Use: Scroll            |     6 |     7 |     3 |     1 ||    17
       Potion            |     2 |     4 |     4 |     1 ||    11
  Eat: Ration            |     1 |       |     3 |     2 ||     6
       Chunk             |       |     6 |     2 |       ||     8
Armor: Scale mail        |    84 |    22 |   207 |    38 ||   351
Dodge: Dodged            |    53 |    21 |   130 |    43 ||   247
Block: Shield            |    76 |    51 |   354 |   102 ||   583
